 Dungeon Crawl Stone Soup version 0.28-a0-1506-g3893175d92 (webtiles) character file.

Game seed: 3756415574429687820

1068 comborobin the Covert (level 8, -13/42 HPs)
             Began as a Spriggan Delver on Jan 14, 2022.
             Mangled by a wyvern (26 damage)
             ... on level 5 of the Dungeon.
             The game lasted 00:07:04 (4879 turns).

comborobin the Covert (Spriggan Delver)             Turns: 4879, Time: 00:07:05

Health: -13/42     AC:  2    Str:  8    XL:     8   Next: 7%
Magic:  9/9        EV: 19    Int: 12    God:
Gold:   99         SH:  0    Dex: 18    Spells: 7/7 levels left

rFire   . . .      SeeInvis +   a - +1 dagger (flame)
rCold   . . .      Faith    .   (no shield)
rNeg    . . .      Spirit   .   f - +0 robe
rPois   .          Reflect  .   (helmet restricted)
rElec   .          Harm     .   (no cloak)
rCorr   .          Rampage  .   (gloves unavailable)
Will    +....                   (boots unavailable)
Stlth   +++++.....              (no amulet)
HPRegen 0.14/turn               (no ring)
MPRegen 0.11/turn               (no ring)

@: very quick
A: very small, no large weapons, unfitting armour, see invisible, speed 3
a: no special abilities


You were on level 5 of the Dungeon.
You visited 1 branch of the dungeon, and saw 6 of its levels.
You also visited: Ossuary.

You collected 99 gold pieces.

Inventory:

Hand Weapons
 a - a +1 dagger of flaming (weapon)
 b - a +0 short sword
 m - a +0 dagger
Missiles
 l - a datura-tipped dart (quivered)
Armour
 f - a +0 robe (worn)
Jewellery
 s - a +6 ring of intelligence
Wands
 g - a wand of digging (3)
 t - a wand of charming (8)
Scrolls
 c - 2 scrolls of fog
 d - 2 scrolls of magic mapping
 e - 2 scrolls of fear
 j - 2 scrolls of teleportation {unknown}
 k - 2 scrolls of identify {unknown}
 n - a scroll of vulnerability {unknown}
 p - a scroll of summoning {unknown}
 r - a scroll of amnesia {unknown}
 v - a scroll of immolation {unknown}
Potions
 i - 2 potions of curing
 o - 2 potions of haste
 q - a potion of heal wounds {unknown}
 u - a potion of flight {unknown}
 w - a potion of degeneration {unknown}


   Skills:
 - Level 4.0 Fighting
 + Level 5.8 Short Blades
 + Level 4.9 Dodging
 + Level 10.5 Stealth
 - Level 4.9 Evocations


You had 7 spell levels left.
You didn't know any spells.
Your spell library contained the following spells:

 Spells                   Type           Power      Damage    Failure   Level
 Gell's Gravitas          Tloc           0%         N/A       69%         3
 Lesser Beckoning         Tloc           0%         N/A       69%         3
 Teleport Other           Tloc           0%         N/A       69%         3


Dungeon Overview and Level Annotations

Branches:
Dungeon (6/15)            Ossuary (visited)
 Temple: D:4-7

Altars:

Shops:
D:4 ::

Annotations:
D:1 1 runed translucent door
D:5 Prince Ribbit


Innate Abilities, Weirdness & Mutations

You are very small and have problems with some larger weapons.
You are too small for most types of armour.
You have supernaturally acute eyesight. (SInv)
You cover ground extremely quickly. (Speed+++)


Message History

The centaur is moderately wounded.
The centaur closely misses you. The centaur completely misses you.
You are too injured to fight recklessly!
You hit the centaur. You burn the centaur.
The centaur is heavily wounded.
The centaur hits you. The centaur kicks you.
You are too injured to fight recklessly!
You barely miss the centaur.
The centaur is heavily wounded.
You hit the centaur but do no damage.
The centaur is heavily wounded.
The centaur completely misses you. The centaur kicks you.
Throw: 3 darts (datura)
Press: ? - help, Q - select action, (/) - cycle Shift-Dir - straight line, f - centaur
Aim: a centaur, quivering arrows (heavily wounded, slow, 73% to hit, immune)
You throw a datura-tipped dart.
The datura-tipped dart hits the centaur.
The centaur is heavily wounded.
The centaur misses you. x2; The wyvern barely misses you.
Unknown command.
The centaur wields a +0 shortbow.
The centaur shoots an arrow.
The arrow closely misses you.
Throw: 2 darts (datura)
Press: ? - help, Q - select action, (/) - cycle Shift-Dir - straight line, f - wyvern, p - centaur
Aim: a wyvern (63% to hit, chance to frenzy on hit: 73%)
You throw a datura-tipped dart. The datura-tipped dart hits the wyvern.
The wyvern flies into a frenzy!
The centaur looks more energetic.
The wyvern closely misses you. The wyvern misses you.
Unknown command.
Unknown command.
The centaur shoots an arrow.
The arrow completely misses you.
The centaur shoots an arrow.
The arrow misses you. The wyvern closely misses you.
As you open the door, it creaks loudly!
The wyvern bites you but does no damage.
The wyvern closely misses you.
The centaur shoots an arrow.
The arrow completely misses you. The wyvern bites you!!
Ouch! That really hurt!
You die...

.........#........#.........#....
....Y....#........#......)..#....
########.###.###.###...##...#####
..####.###'###.###...##...#
.........c'ยง.....).........#
..........#................#
..........#................#
##..###..######'########c..# ###
######.##@###..###...###..
..$......l......#.........
................#.........
............c...#.........
...........(.(..#.........
..######+###........####.[
#..####### .. #....# #....#


You could see a centaur and a neutral wyvern (fast, strong, insane).

Vanquished Creatures
  Pikel (D:4)
  Sigmund (D:5)
  An ogre (D:6)
  A lemure (D:4)
  A scorpion (D:2)
  A hound (D:5)
  2 orc wizards (D:4)
  Ijyb (D:3)
  An iguana (D:5)
  4 adders
  2 gnolls (D:3)
  An adder skeleton (D:4)
  A worm (D:2)
  4 dart slugs
  3 orcs (D:4)
  2 endoplasms
  4 giant cockroaches
  9 goblins
  7 hobgoblins
  2 kobolds
  6 quokkas
  6 ball pythons
  2 ball python skeletons (Ossuary)
  9 bats
  4 frilled lizards
  A hobgoblin skeleton (Ossuary)
  A kobold zombie (Ossuary)
  2 orc skeletons (Ossuary)
  4 rats
84 creatures vanquished.

Vanquished Creatures (collateral kills)
  An ogre (D:5)
  A gnoll (D:3)
  An orc (D:4)
3 creatures vanquished.

Vanquished Creatures (others)
  A gnoll (D:3)
1 creature vanquished.

Grand Total: 88 creatures vanquished

Notes
Turn   | Place    | Note
-------+----------+-------------------------------------------
     0 | D:5      | comborobin the Spriggan Delver began the quest for the Orb.
     0 | D:5      | Reached XP level 1. HP: 11/11 MP: 2/2
    13 | D:6      | Found a sand-covered staircase.
    19 | Ossuary  | Entered an ossuary
   101 | Ossuary  | Noticed a wight
   167 | D:6      | Noticed an ogre
   170 | D:6      | Killed an ogre
   171 | D:6      | Reached XP level 2. HP: 16/16 MP: 3/3
   171 | D:6      | Reached XP level 3. HP: 19/19 MP: 4/4
   171 | D:6      | Reached XP level 4. HP: 23/23 MP: 5/5
   194 | D:5      | Noticed Prince Ribbit
   196 | D:5      | Noticed a wyvern
   201 | D:4      | Found Puoshuugh's Book Shoppe.
   389 | D:4      | Noticed a lemure
   391 | D:4      | Noticed a lemure
   391 | D:4      | Noticed a lemure
   392 | D:4      | Noticed Pikel
   407 | D:4      | Killed a lemure
   419 | D:4      | HP: 1/23 [Pikel (2)]
   420 | D:4      | Killed Pikel
   421 | D:4      | Reached skill level 9 in Stealth
   421 | D:4      | Reached XP level 5. HP: 2/29 MP: 6/6
   421 | D:4      | Reached XP level 6. HP: 2/33 MP: 7/7
  1034 | D:5      | Reached XP level 7. HP: 14/37 MP: 8/8
  1447 | D:4      | Found Meogy's Book Shoppe.
  2689 | D:1      | Found a runed translucent door.
  3078 | D:1      | Found a faded altar of an unknown god.
  3975 | D:3      | Noticed Ijyb
  3982 | D:3      | Killed Ijyb
  3983 | D:3      | Reached skill level 5 in Short Blades
  4778 | D:5      | Noticed Sigmund
  4783 | D:5      | Killed Sigmund
  4784 | D:5      | Reached skill level 10 in Stealth
  4847 | D:5      | Reached XP level 8. HP: 35/42 MP: 9/9
  4879 | D:5      | Mangled by a wyvern

Illustrated notes

Levels and vault maps discovered:
D:1:      dpeg_arrival_caged_fury, layout_loops_corners, basic_ecumenical_altar
D:2:      layout_loops_ring
D:3:      layout_rooms, uniq_ijyb
D:4:      layout_loops_corners, serial_forest, infiniplex_forest_straight_2,
          infiniplex_forest_clump_small, infiniplex_forest_lined_ring,
          infiniplex_forest_clump_double, infiniplex_forest_straight_5,
          infiniplex_forest_clump_curved, serial_shops, shop,
          nicolae_shop_advertising_works [nicolae_subvault_shop_adworks],
          minmay_misc_feat_rows, chequers_serial_rivers_small_a, uniq_pikel
D:5:      layout_gridville, uniq_prince_ribbit1, uniq_sigmund
D:6:      cheibrodos_iron_armory, layout_cave_pods, serial_shops,
          nicolae_diamond_shop, lightli_ossuary_entry_decrepit_ruins

Skill      XL: |  1  2  3  4  5  6  7 |
---------------+----------------------+-----
Evocations     | 4 |  4.9
Fighting       | 3 4 |  4.0
Short Blades   | 4 5 |  5.8
Stealth        | 9 10 | 10.5
Dodging        | 4 |  4.9

Action                   |  1- 3 |  4- 6 |  7- 9 || total
-------------------------+-------+-------+-------++-------
Melee: Short sword       |    11 |    24 |       ||    35
       Dagger            |       |    12 |   182 ||   194
       Punch             |       |     1 |     3 ||     4
Throw: Dart              |       |       |     5 ||     5
Evoke: Wand              |     2 |     4 |       ||     6
  Use: Scroll            |     1 |       |     1 ||     2
       Potion            |       |     2 |     1 ||     3
 Stab: Sleeping          |     5 |     1 |    37 ||    43
       Distracted        |       |       |     1 ||     1
Armor: Robe              |     2 |     1 |    13 ||    16
Dodge: Dodged            |    10 |    17 |   125 ||   152

Table legend: (Time is in decaauts)
 A = Elapsed time spent in this place.
 B = Non-inter-level travel time spent in this place.
 C = Inter-level travel time spent in this place.
 D = Time resting spent in this place.
 E = Time spent auto-exploring this place.
 F = Levels seen in this place.
 G = Mean time per level.
                   A        B        C        D        E       F      G
               +--------+--------+--------+--------+--------+-----+--------+
         Total |   3569 |   3459 |    110 |    822 |   1846 |   7 |  509.9 |
       Dungeon |   3490 |   3380 |    110 |    803 |   1846 |   6 |  581.7 |
       Ossuary |     78 |     78 |      0 |     19 |      0 |   1 |   78.0 |
               +--------+--------+--------+--------+--------+-----+--------+

Top non-repeatable levels by time:
     D:4: 1175 daAuts
     D:2: 710 daAuts
     D:3: 676 daAuts
     D:1: 548 daAuts
     D:5: 334 daAuts
 Ossuary: 78 daAuts
     D:6: 45 daAuts
